 Dungeon Crawl Stone Soup version 0.29.1-1-gd02db6906a (webtiles) character file.

Game seed: 7519757760960118580

45 safid the Shooter (level 3, -4/31 HPs)
             Began as a Minotaur Hunter on Oct 18, 2022.
             Slain by a phantom (6 damage)
             ... on level 2 of the Dungeon.
             The game lasted 00:01:26 (1323 turns).

safid the Shooter (Minotaur Hunter)                 Turns: 1323, Time: 00:01:27

Health: -4/31      AC:  4    Str: 15    XL:     3   Next: 42%
Magic:  2/2        EV: 12    Int:  6    God:
Gold:   89         SH:  0    Dex: 15    Spells: 2/2 levels left

rFire   . . .      SeeInvis .   a - +0 shortbow
rCold   . . .      Faith    .   (shield currently unavailable)
rNeg    . . .      Spirit   .   c - +0 leather armour
rPois   .          Reflect  .   (helmet restricted)
rElec   .          Harm     .   (no cloak)
rCorr   .          Rampage  .   (no gloves)
Will    .....                   d - +0 pair of boots
Stlth   +.........              (no amulet)
HPRegen 0.10/turn               (no ring)
MPRegen 0.08/turn               (no ring)

@: no status effects
A: horns 2, retaliatory headbutt, noise suppression
a: no special abilities


You were on level 2 of the Dungeon.
You visited 1 branch of the dungeon, and saw 2 of its levels.

You collected 89 gold pieces.

Inventory:

Hand Weapons
 a - a +0 shortbow (weapon)
Armour
 c - a +0 leather armour (worn)
 d - a +0 pair of boots (worn)
Scrolls
 b - 2 scrolls of immolation
 f - a scroll of blinking {unknown}
 g - a scroll of poison {unknown}
 j - a scroll of teleportation {unknown}
Potions
 e - a potion of mutation
 h - a potion of resistance {unknown}
 i - a potion of cancellation {unknown}


   Skills:
 - Level 3.0 Fighting
 + Level 5.5 Ranged Weapons
 - Level 2.1 Dodging
 - Level 0.7 Stealth


You had 2 spell levels left.
You didn't know any spells.
Your spell library contained the following spells:

 Spells                   Type           Power      Damage    Failure   Level
 Gell's Gravitas          Tloc           0%         N/A       88%         3
 Ozocubu's Armour         Ice            0%         N/A       88%         3
 Teleport Other           Tloc           0%         N/A       88%         3
 Metabolic Englaciation   Hex/Ice        0%         N/A       100%        5
 Dispersal                Tloc           0%         N/A       100%        6
 Simulacrum               Ice/Necr       0%         N/A       100%        6


Dungeon Overview and Level Annotations

Branches:
Dungeon (2/15)

Altars:
Qazlal
Xom


Innate Abilities, Weirdness & Mutations

You have a pair of horns on your head.
You reflexively headbutt those who attack you in melee.
You passively dampen the noise of your surroundings.


Message History

The phantom hits you but does no damage.
Fire: a) +0 shortbow
Press: ? - help, Q - select action Shift-Dir - straight line, f/p - phantom
Aim: a phantom (moderately damaged, 51% to hit)
You shoot an arrow.
The arrow hits the phantom but does no damage.
The phantom is moderately damaged.
The phantom hits you but does no damage.
Fire: a) +0 shortbow
Press: ? - help, Q - select action Shift-Dir - straight line, f/p - phantom
Aim: a phantom (moderately damaged, 51% to hit)
You shoot an arrow. The arrow closely misses the phantom.
The phantom hits you.
* * * LOW HITPOINT WARNING * * *
The phantom blinks!
You blink.
The phantom closely misses you.
Fire: a) +0 shortbow
Press: ? - help, Q - select action Shift-Dir - straight line, f/p - phantom
Aim: a phantom (moderately damaged, 51% to hit)
You shoot an arrow. The arrow hits the phantom.
The phantom is heavily damaged.
The phantom barely misses you.
Fire: a) +0 shortbow
Press: ? - help, Q - select action Shift-Dir - straight line, f/p - phantom
Aim: a phantom (moderately damaged, 51% to hit)
You shoot an arrow. The arrow hits the phantom!
The phantom is severely damaged.
The phantom hits you but does no damage.
Okay, then.
Fire: a) +0 shortbow
Press: ? - help, Q - select action Shift-Dir - straight line, f/p - phantom
Aim: a phantom (severely damaged, 51% to hit)
You shoot an arrow. The arrow hits the phantom.
The phantom is severely damaged.
The phantom hits you.
* * * LOW HITPOINT WARNING * * *
The phantom blinks!
You blink.
It was a potion of mutation.
You feel extremely strange.
You feel your surroundings grow quieter.
The phantom hits you.
You die...

#########
#.......#
#.......#
#.......#
#.......#########
#.W@.............
#.......#########
###### #.......#
.....# #.......#
.....# #.......#
.....# ####'####
.....# #.# .....#
#.# .....# #.#


You could see a phantom.

Vanquished Creatures
  An adder (D:2)
  A dart slug (D:2)
  3 endoplasms
  2 giant cockroaches (D:2)
  4 goblins
  4 hobgoblins
  4 kobolds
  2 quokkas
  A ball python (D:1)
  3 bats
  2 frilled lizards (D:2)
  2 rats
29 creatures vanquished.

Notes
Turn   | Place    | Note
-------+----------+-------------------------------------------
     0 | D:1      | safid the Minotaur Hunter began the quest for the Orb.
     0 | D:1      | Reached XP level 1. HP: 18/18 MP: 0/0
   402 | D:1      | Reached XP level 2. HP: 25/25 MP: 1/1
   692 | D:1      | Found a stormy altar of Qazlal.
   725 | D:2      | Reached skill level 5 in Ranged Weapons
   730 | D:2      | Found a shimmering altar of Xom.
   985 | D:2      | Reached XP level 3. HP: 31/31 MP: 2/2
  1305 | D:2      | Noticed a phantom
  1323 | D:2      | Gained mutation: You passively dampen the noise of your
                  | surroundings. [potion of mutation]
  1323 | D:2      | Slain by a phantom

Illustrated notes

Levels and vault maps discovered:
D:1:      dpeg_arrival_lava_altar, layout_loops_ring,
          chequers_serial_rivers_micro_c, chequers_garden,
          minmay_misc_feat_tiny, hangedman_decor_diamond_cutter, minmay_bisected
D:2:      layout_basic, basic_altar

Skill      XL: |  1  2 |
---------------+-------+-----
Fighting       | 3 |  3.0
Ranged Weapons | 5 |  5.5
Dodging        | |  2.1
Stealth        | |  0.7

Action                   || total
-------------------------++-------
 Fire: Shortbow          ||   112
  Use: Potion            ||     1
Armor: Leather armour    ||    14
Dodge: Dodged            ||    31
